 Dungeon Crawl Stone Soup version 0.17-a0-1713-gdf939a4 (webtiles) character file.

6546 Leibowitz the Spear-Bearer (level 11, -3/87 HPs)
             Began as a Merfolk Gladiator on Aug 23, 2015.
             Was a High Priest of Okawaru.
             Slain by a freezing wraith (12 damage)
             ... in an ice cave.
             The game lasted 00:45:50 (9308 turns).

Leibowitz the Spear-Bearer (Merfolk Gladiator)      Turns: 9308, Time: 00:45:50

Health: -3/87      AC:  9    Str: 21    XL:     11   Next: 1%
Magic:  11/11      EV: 21    Int:  9    God:    Okawaru [*****.]
Gold:   279        SH:  0    Dex: 17    Spells: 0 memorised, 10 levels left

rFire  . . .     SeeInvis .     a - +1 trident
rCold  . . .     Clarity  .     e - +0 leather armour
rNeg   . . .     SustAt   .     (no shield)
rPois  .         Gourm    .     c - +0 helmet
rElec  .         Spirit   .     m - +0 cloak of Disaster {Regen+ Slay+5} (curse)
rCorr  .         Warding  .     B - +1 pair of gloves {Str+3}
rMut   .         Stasis   .     l - +0 pair of boots
MR     .....                    (no amulet)
Stlth  +++.......               y - +1 ring of protection
                                r - +3 ring of strength

@: slowed, very slow, not resistant to hostile enchantments, fairly stealthy
A: change form in water, swift swim
a: Heroism, Finesse, Renounce Religion


You were in an ice cave.
You worshipped Okawaru.
Okawaru was extremely pleased with you.
You were not hungry.

You visited 2 branches of the dungeon, and saw 10 of its levels.
You also visited: Ice Cave.

You collected 595 gold pieces.
You spent 316 gold pieces at shops.

Inventory:

Hand weapons
 a - a +1 trident (weapon)
 b - a +0 blowgun
 w - a +2 halberd
Missiles
 n - 96 poisoned needles
 C - 2 throwing nets (quivered)
 F - 4 curare-tipped needles
 J - 4 needles of frenzy
Armour
 c - a +0 helmet (worn)
 e - a +0 leather armour (worn)
 l - a +0 pair of boots (worn)
 m - the cursed +0 cloak of Disaster (worn) {Regen+ Slay+5}
   (You found it on level 7 of the Dungeon)

   It affects your accuracy and damage with ranged weapons and melee attacks
   (+5).
   It increases your rate of regeneration.
   It has a curse placed upon it.
 A - a +1 cloak
 B - a +1 pair of gloves of strength (worn)
Jewellery
 r - a +3 ring of strength (left hand)
 y - a +1 ring of protection (right hand)
 I - an uncursed ring of flight
Magical devices
 j - a wand of draining (1)
 p - a wand of fire (13)
 u - a wand of invisibility (1)
 D - a wand of lightning (8)
 E - a wand of digging (13)
Scrolls
 f - a scroll of fear
 g - 3 scrolls of enchant armour
 h - 3 scrolls of recharging
 i - a scroll of teleportation {unknown}
 k - 2 scrolls of enchant weapon
 t - 2 scrolls of magic mapping
 v - 3 scrolls of identify
 G - a scroll of fog
Potions
 x - a potion of curing
Comestibles
 o - 5 meat rations
 q - 10 royal jellies
 s - 8 bread rations
 z - 3 fruits


   Skills:
 * Level 8.7 Fighting
 + Level 13.3 Polearms
 - Level 2.0 Throwing
 + Level 3.1 Armour
 * Level 12.4 Dodging
 + Level 4.6 Stealth
 + Level 0.4 Evocations


You had 10 spell levels left.
You didn't know any spells.

Dungeon Overview and Level Annotations

Branches:
Dungeon (8/15)             Temple (0/1) D:4            Lair (2/8) D:8

Altars:
Ashenzari
Dithmenos
Elyvilon
Fedhas
Gozag
Kikubaaqudgha
Makhleb
Nemelex Xobeh
Okawaru
Qazlal
Ru
Trog
Vehumet
Xom

Shops:
D:4 [   D:5 *   D:7 *   D:8 *


Message History

The freezing wraith is heavily damaged.
The freezing wraith hits you!
* * * LOW HITPOINT WARNING * * *
The freezing wraith freezes you!
* * * LOW HITPOINT WARNING * * *
The freezing wraith completely misses you.
You hit the freezing wraith.
The freezing wraith is severely damaged.
You puncture the freezing wraith!
The freezing wraith is severely damaged.
The freezing wraith closely misses you. The freezing wraith hits you.
* * * LOW HITPOINT WARNING * * *
You hit the freezing wraith.
The freezing wraith is almost destroyed.
The freezing wraith closely misses you.
The freezing wraith completely misses you.
You closely miss the freezing wraith.
The freezing wraith is almost destroyed.
The freezing wraith hits you!
You die...

###### ##....###
#.....@.#
##..###W..#
##..###...#
##..###...# #...#
#...# ##### ##..#
#... ####...###
###...# #..
#........###....##
##
...............##


You could see a freezing wraith.

Vanquished Creatures
  A hydra (Lair:1)
  A komodo dragon (D:8)
  3 freezing wraiths (IceCv)
  A blink frog (Lair:1)
  Sigmund (D:3)
  A wraith (D:8)
  A hungry ghost (D:8)
  3 hippogriffs
  Edmund (D:5)
  2 water moccasins (Lair:1)
  3 porcupines (Lair:1)
  7 ice beasts
  An orc warrior (D:7)
  A black bear (D:8)
  A centaur (D:8)
  4 ogres (D:7)
  A crocodile (Lair:1)
  2 big kobolds (D:5)
  A wyvern zombie (D:8)
  3 giant frogs
  A scorpion (D:3)
  A swamp dragon simulacrum (IceCv)
  4 wights (D:6)
  2 vampire bats (D:6)
  2 giant frog zombies (D:5)
  A hound (D:6)
  An orc priest (D:8)
  5 jellies (D:8)
  Crazy Yiuf (D:3)
  3 orc wizards
  4 giant frog skeletons
  An iguana (Lair:1)
  A polar bear simulacrum (IceCv)
  2 wolf simulacra (IceCv)
  8 worker ants
  A hound zombie (D:8)
  A hound skeleton (D:4)
  10 adders
  7 gnolls (D:5)
  5 river rats (Lair:1)
  5 white imps (IceCv)
  2 shadow imps
  7 oozes
  2 adder skeletons (D:5)
  2 worms (D:2)
  2 giant geckos
  24 orcs
  2 bat skeletons (D:6)
  3 bat zombies (D:6)
  2 giant cockroaches
  44 goblins
  32 hobgoblins
  6 jackals
  5 kobolds
  2 quokkas
  2 ball pythons
  5 bats
  2 giant newts (D:1)
  A quokka skeleton (D:7)
  2 quokka zombies
  8 rats
260 creatures vanquished.

Vanquished Creatures (others)
  2 plants
2 creatures vanquished.

Grand Total: 262 creatures vanquished

Notes
Turn   | Place    | Note
--------------------------------------------------------------
     0 | D:1      | Leibowitz the Merfolk Gladiator began the quest for the Orb.
     0 | D:1      | Reached XP level 1. HP: 16/16 MP: 1/1
   154 | D:1      | Reached XP level 2. HP: 17/22 MP: 2/2
   839 | D:2      | Reached skill level 5 in Polearms
   958 | D:2      | Reached XP level 3. HP: 27/27 MP: 3/3
  1022 | D:2      | Reached skill level 5 in Dodging
  1797 | D:2      | Found a bloodstained altar of Trog.
  1797 | D:2      | Found an iron altar of Okawaru.
  1803 | D:2      | Became a worshipper of Warmaster Okawaru
  1953 | D:3      | Reached XP level 4. HP: 23/34 MP: 4/4
  2132 | D:3      | Noticed Sigmund
  2159 | D:3      | Killed Sigmund
  2159 | D:3      | Reached skill level 6 in Polearms
  2159 | D:3      | Reached skill level 1 in Armour
  2159 | D:3      | Reached XP level 5. HP: 12/41 MP: 5/5
  2182 | D:3      | Reached XP level 6. HP: 17/47 MP: 6/6
  2484 | D:3      | Reached skill level 1 in Stealth
  2618 | D:3      | Found a white marble altar of Elyvilon.
  2677 | D:3      | Noticed a scorpion
  2683 | D:3      | Killed a scorpion
  2844 | D:3      | Noticed Crazy Yiuf
  2858 | D:3      | Killed Crazy Yiuf
  2858 | D:3      | Reached skill level 7 in Polearms
  3137 | D:4      | Found a staircase to the Ecumenical Temple.
  3162 | D:3      | Acquired Okawaru's first power
  3327 | D:4      | Reached XP level 7. HP: 40/53 MP: 7/7
  3679 | D:4      | Found Zeut Uni's Antique Armour Emporium.
  3778 | D:5      | Entered Level 5 of the Dungeon
  3983 | D:5      | Found a shattered altar of Ashenzari.
  4068 | D:5      | Noticed Edmund
  4088 | D:5      | Killed Edmund
  4088 | D:5      | Reached skill level 8 in Polearms
  4212 | D:5      | Reached XP level 8. HP: 27/61 MP: 8/8
  4435 | D:5      | Reached skill level 9 in Polearms
  5045 | D:5      | Found a stormy altar of Qazlal.
  5061 | D:5      | Found Zuekhan's Assorted Antiques.
  5075 | D:5      | Bought a scroll labeled CAMPUU ULISCH for 24 gold pieces
  5075 | D:5      | Bought a pair of runed gloves for 108 gold pieces
  5075 | D:5      | Bought a scroll labeled GORCHI REQAMI for 24 gold pieces
  5645 | D:6      | Found a sacrificial altar of Ru.
  5669 | D:6      | Reached skill level 5 in Fighting
  5681 | D:6      | Found a radiant altar of Vehumet.
  5770 | D:6      | Found a blossoming altar of Fedhas.
  6015 | D:6      | Reached skill level 10 in Polearms
  6027 | D:6      | Found a shimmering altar of Xom.
  6028 | D:6      | Found an opulent altar of Gozag.
  6036 | D:6      | Found a sparkling altar of Nemelex Xobeh.
  6038 | D:6      | Found a shadowy altar of Dithmenos.
  6039 | D:6      | Found a burning altar of Makhleb.
  6120 | D:6      | Found an ancient bone altar of Kikubaaqudgha.
  6305 | D:7      | Found Masakl Ugro's Assorted Antiques.
  6311 | D:7      | Bought a diamond ring for 145 gold pieces
  6324 | D:7      | Reached XP level 9. HP: 46/69 MP: 9/9
  6962 | D:7      | Got a transparent cloak
  6973 | D:7      | Identified the cursed +0 cloak of Disaster {Regen+ Slay+5} (You found it on level 7 of the Dungeon)
  7410 | D:8      | Reached skill level 10 in Dodging
  7413 | D:8      | Reached skill level 11 in Polearms
  7555 | D:8      | Found a staircase to the Lair.
  7556 | D:8      | Noticed a komodo dragon
  7578 | D:8      | Killed a komodo dragon
  7867 | D:8      | Found Paysite's Assorted Antiques.
  7888 | D:8      | Reached XP level 10. HP: 32/79 MP: 10/10
  7894 | D:8      | Bought an emerald potion for 15 gold pieces
  8122 | D:8      | Reached skill level 12 in Polearms
  8143 | Lair:1   | Entered Level 1 of the Lair of Beasts
  8149 | Lair:1   | Received a gift from Okawaru
  8493 | Lair:1   | Noticed an eight-headed hydra
  8533 | Lair:1   | Killed an eight-headed hydra
  8533 | Lair:1   | Reached skill level 13 in Polearms
  8919 | Lair:2   | Found a frozen archway.
  8928 | IceCv    | Entered an ice cave
  9058 | IceCv    | Acquired Okawaru's second power
  9058 | IceCv    | Received a gift from Okawaru
  9172 | IceCv    | HP: 3/82 [freezing wraith (3)]
  9181 | IceCv    | Reached XP level 11. HP: 12/87 MP: 11/11
  9308 | IceCv    | Slain by a freezing wraith

Vault maps used:
D:1:      lightli_arrival_lavapool
D:2:      kennysheep_the_goblin_king, gammafunk_temple_overflow_statue
D:3:      lemuel_crystal_altar, first_bread, uniq_crazy_yiuf_cottage,
          uniq_sigmund
D:4:      minmay_temple_entry_large_hall, serial_shops, kennysheep_little_box
D:5:      minmay_goblin_kobold_castle, grunt_temple_overflow_open, serial_shops,
          nicolae_shop_overgrown_old_shop, uniq_edmund
D:6:      overflow_temple_1_default, minitemple, kennysheep_vampire_church,
          lemuel_doored_altar, nicolae_ru_awakened_eye
D:7:      serial_shops, nicolae_shop_waterfront
D:8:      david_lair_shrubbed, serial_shops, shop,
          hangedman_little_slice_of_home
Lair:1:   hangedman_lair_generics_rect
Lair:2:   portal_ice_cave_entry_pillars_01
IceCv:    ice_cave_small_necro

Action                   |  1- 3 |  4- 6 |  7- 9 | 10-12 || total
-------------------------+-------+-------+-------+-------++-------
Melee: Trident           |   107 |   100 |   551 |   201 ||   959
       Halberd           |       |       |    59 |       ||    59
 Fire: Blowgun           |       |    17 |    12 |     7 ||    36
Throw: Throwing net      |       |     3 |     4 |       ||     7
Evoke: Wand              |       |       |       |     5 ||     5
  Use: Potion            |       |       |     6 |     4 ||    10
       Scroll            |       |       |    14 |     1 ||    15
 Stab: Sleeping          |     1 |     6 |     9 |     4 ||    20
       Distracted        |       |       |     1 |     1 ||     2
       Held in net/web   |       |       |     1 |       ||     1
       Invisible         |       |       |       |     1 ||     1
  Eat: Chunk             |     2 |     5 |    17 |     4 ||    28
       Royal jelly       |       |       |       |     1 ||     1
